AoeStats
← BifeTuga

Arabia

503401034Analyzed
1v1 RM · 3mo ago on Aug 31, 2026· 44m 26s· 2 players
Game mode
Random Map
Map size
Tiny (2 player)
Population
200
Speed
Normal
Resources
Standard
Victory
Conquest
Starting age
Dark Age
Ending age
Imperial Age
RankedLock teamsTeams togetherTeam positionsShared explorationLock speedFull tech treeHidden civsTurbo modeCheats
Victory
Defeat
🇲🇽 Ethiopians · Mexico
857
+15
vs
🇬🇧 Koreans · United Kingdom
840
-15
BifeTuga
8:16 Loom
10:36 Feudal Age
11:13 Double-Bit Axe
12:07 Horse Collar
21:46 Castle Age
20:57 Forging
20:43 Fletching
26:03 Bow Saw
26:40 Bodkin Arrow
26:51 Crossbowman
27:35 Elite Skirmisher
28:30 Forging
30:31 Pikeman
31:12 Squires
35:12 Imperial Age
34:05 Iron Casting
33:31 Scale Mail Armor
36:02 Bracer
36:06 Halberdier
39:11 Chemistry
38:58 Ballistics
40:25 Man-at-Arms
40:51 Gambesons
41:27 Chain Mail Armor
41:38 Long Swordsman
42:46 Two-Handed Swordsman
chessmartin64
10:15 Feudal Age
10:48 Horse Collar
11:50 Loom
18:46 Wheelbarrow
21:23 Castle Age
19:47 Fletching
20:37 Gold Mining
20:36 Double-Bit Axe
21:08 Padded Archer Armor
21:36 Arson
21:54 Scale Mail Armor
21:58 Stone Mining
22:40 Forging
27:36 Stone Shaft Mining
28:33 Hand Cart
31:35 Gold Shaft Mining
34:33 Imperial Age
32:12 Bodkin Arrow
32:42 Ballistics
33:22 Squires
33:28 Heavy Plow
34:47 Iron Casting
34:39 Bow Saw
35:03 Chain Mail Armor
35:46 Conscription
36:59 Blast Furnace
37:51 Two-Man Saw
37:06 Elite Shotel Warrior
38:57 Plate Mail Armor
39:16 Bracer
43:21 Royal Heirs
Connection lost

Rejoining the realm…

Still unreachable

The connection could not be restored.

Session expired

The server has moved on; the page needs a fresh start.